 Dungeon Crawl Stone Soup version 0.28.0 (webtiles) character file.

Game seed: 3012248412234132170

512 AmazingTV the Chopper (level 6, -4/55 HPs)
             Began as a Minotaur Fighter on July 25, 2022.
             Slain by an ogre (16 damage)
             ... on level 4 of the Dungeon.
             The game lasted 00:18:20 (4085 turns).

AmazingTV the Chopper (Minotaur Fighter)            Turns: 4085, Time: 00:18:22

Health: -4/55      AC: 11    Str: 22    XL:     6   Next: 99%
Magic:  5/5        EV:  9    Int: 11    God:
Gold:   141        SH:  4    Dex: 10    Spells: 5/5 levels left

rFire   . . .      SeeInvis .   a - +0 war axe {axe}
rCold   . . .      Faith    .   c - +0 buckler
rNeg    . . .      Spirit   .   b - +0 scale mail
rPois   .          Reflect  .   (helmet restricted)
rElec   .          Harm     .   u - +2 cloak
rCorr   .          Rampage  .   B - +0 pair of gloves
Will    .....                   (no boots)
Stlth   ..........              (no amulet)
HPRegen 0.18/turn               j - +6 ring of intelligence
MPRegen 0.09/turn               (no ring)

@: no status effects
A: horns 2, retaliatory headbutt
a: no special abilities


You were on level 4 of the Dungeon.
You visited 1 branch of the dungeon, and saw 4 of its levels.
You also visited: Sewer.

You collected 141 gold pieces.


Innate Abilities, Weirdness & Mutations

You have a pair of horns on your head.
You reflexively headbutt those who attack you in melee.


   Skills:
 + Level 4.8 Fighting
 * Level 5.2 Axes
 + Level 2.7(3.3) Slings
 + Level 2.5(3.0) Throwing
 + Level 5.0 Armour
 + Level 4.8 Shields


You had 5 spell levels left.
You didn't know any spells.
Your spell library contained the following spells:

 Spells                   Type           Power      Damage    Failure   Level
 Gell's Gravitas          Tloc           0%         N/A       98%         3
 Lesser Beckoning         Tloc           0%         N/A       98%         3
 Teleport Other           Tloc           0%         N/A       98%         3
 Tukima's Dance           Hex            0%         N/A       98%         3
 Passage of Golubria      Tloc           0%         N/A       100%        4
 Yara's Violent Unravell  Hex/Tmut       0%         3d3       100%        5

Inventory:

Hand Weapons
 a - a +0 war axe (weapon) {axe}
 q - a +2 hunting sling of flaming {sling}
   (You took it off a goblin on level 2 of the Dungeon)
 r - a +0 rapier of freezing {short}
   (You found it on level 2 of the Dungeon)
 t - a +2 quarterstaff of chaos {staff}
   (You took it off Crazy Yiuf on level 2 of the Dungeon)
 w - a +0 mace {mace}
   (You took it off an orc on level 3 of the Dungeon)
Missiles
 e - 75 arrows
 n - 141 stones (quivered)
 p - 3 poisoned darts
 x - 6 boomerangs of dispersal {=f!f}
 A - 28 bolts
Armour
 b - a +0 scale mail (worn)
 c - a +0 buckler (worn)
 u - a +2 cloak (worn)
   (You took it off Crazy Yiuf on level 2 of the Dungeon)
 B - a +0 pair of gloves (worn)
   (You found it on level 4 of the Dungeon)
Jewellery
 j - a +6 ring of intelligence (left hand)
   (You found it on level 1 of the Dungeon)
Wands
 m - a wand of digging (4)
   (You took it off Robin on level 2 of the Dungeon)
Scrolls
 g - 3 scrolls of fog {unknown}
 i - a scroll of noise {unknown}
 k - a scroll of enchant armour {unknown}
 o - 4 scrolls of identify {unknown}
 v - a scroll of magic mapping {unknown}
 y - a scroll of teleportation {unknown}
Potions
 d - a potion of might
 f - 3 potions of mutation {unknown}
 h - 2 potions of brilliance {unknown}
 l - 3 potions of flight {unknown}
 s - a potion of magic {unknown}
 z - a potion of attraction {unknown}
 C - 2 potions of heal wounds {unknown}
 D - 3 potions of haste {unknown}
 E - a potion of invisibility {unknown}
 F - 2 potions of cancellation {unknown}

Dungeon Overview and Level Annotations

Branches:
Dungeon (4/15)              Sewer (visited)
 Temple: D:4-7

Altars:

Annotations:
D:3 3 runed translucent doors, Estrea's ghost, amateur DrTm
D:4 Natasha

#.# #.# #### #.####### #
#... #.##....#####
..#...##.##......... ##.
...................#
........................
........##)..........#..
........##......@)......
........+.......Oh......
........#..#........<.#.
##.....##..#........###
.......##..#.#........
...............##...###
.#....#......#.# ....
......#........>.#.#..
......#..........


You could see an ogre and Natasha.


Message History

Welcome back to the Dungeon!
There is a collapsed entrance here.
You enter the shallow water.
Moving in this stuff is going to be slow.
You see here a river rat skeleton.
You now have 104 gold pieces (gained 16).
Things that are here:
a +0 dagger {short}; a goblin skeleton
e - 57 arrows (gained 19)
l - 2 fuming emerald potions (gained 1)
e - 75 arrows (gained 18)
n - 95 stones (gained 14)
Found a stone staircase leading down.
An endoplasm comes into view.
The endoplasm quivers.
You block the endoplasm's attack.
You slash the endoplasm!
You kill the endoplasm!
n - 118 stones (gained 23)
There is a shaft here.
A hobgoblin is nearby!
The hobgoblin shouts!
You hit the hobgoblin.
The hobgoblin hits you but does no damage. x2
You hit the hobgoblin but do no damage. The hobgoblin hits you. 😕 HP[-1]
You take 1 damage, and now have 52/53 hp.
You slash the hobgoblin!
You kill the hobgoblin! 😕 HP[+2]
You now have 55 max hp (+2).
You regained 2 hp, and now have 54/55 hp.
You now have 115 gold pieces (gained 11).
Things that are here:
a +0 robe; a hobgoblin corpse 😎 HP[+1]
Your hp is fully restored (55).
You now have 126 gold pieces (gained 11).
Key pressed, stopping explore.
l - 3 fuming emerald potions (gained 1)
n - 141 stones (gained 23)
You now have 141 gold pieces (gained 15).
Found an escape hatch in the floor.
D - 3 bubbling blue potions (gained 2) Natasha, Servant of Life and Death comes into view.
Found an escape hatch in the ceiling.
Natasha hisses angrily.
Natasha stares at you and mumbles some strange words.
The magic dart hits you. 😕 HP[-3]
You take 3 damage, and now have 52/55 hp.
A kobold and a goblin come into view.
The goblin is wielding a +1 dagger of venom.
The kobold shouts!
The goblin shouts!
You hear a shout!
The kobold throws a stone.
The stone barely misses you. Natasha barely misses you.
You hit Natasha.
The kobold throws a stone.
The stone hits you but does no damage. Natasha barely misses you.
You closely miss Natasha. Your headbutt misses Natasha.
Natasha stares at you and mumbles some strange words.
You resist with some effort.
The kobold throws a stone.
The stone hits you but does no damage. 😕 HP[+1]
You barely miss Natasha. You hit the goblin.
Natasha claws you but does no damage.
The kobold throws a stone.
The stone hits you but does no damage.
An ogre comes into view. It is wielding a +0 giant spiked club.
The goblin closely misses you.
You completely miss Natasha. You hit the goblin.
You kill the goblin!
Natasha claws you.
Natasha stares at you and mumbles some strange words.
The magic dart hits you but does no damage. 😕 HP[-4]
You take 4 damage, and now have 49/55 hp.
You hit Natasha but do no damage. Your headbutt misses Natasha.
Natasha claws you.
The kobold throws a stone.
The stone hits you but does no damage. 😕 HP[-6]
You take 6 damage, and now have 43/55 hp.
You barely miss Natasha. You headbutt Natasha, but do no damage.
Natasha claws you but does no damage.
The kobold throws a stone.
The stone hits you but does no damage. 😕 HP[+1]
You miss Natasha. Natasha claws you but does no damage.
Natasha claws you. 😮 HP[-4]
You take 4 damage, and now have 40/55 hp.
You hit the kobold.
You kill the kobold!
You hit Natasha. Natasha claws you but does no damage.
You slash Natasha! You hit the ogre. Natasha barely misses you.
The ogre hits you with a +0 giant spiked club!!
* * * LOW HITPOINT WARNING * * *
😨 HP[-21]
You take 21 damage, and now have 19/55 hp.
MASSIVE DAMAGE!! (PAUSE)
You slash the ogre! You closely miss Natasha. Natasha claws you!
* * * LOW HITPOINT WARNING * * *
The ogre hits you with a +0 giant spiked club!
You die...

Skill      XL: |  1  2  3  4  5  6 |
---------------+-------------------+-----
Axes           | 3 4 5 |  5.2
Slings         | 1 2 |  2.7
Armour         | 4 5 |  5.0
Throwing       | 1 2 |  2.5
Shields        | 4 |  4.8
Fighting       | 4 |  4.8

Action                   |  1- 3 |  4- 6 || total
-------------------------+-------+-------++-------
Melee: War axe           |    78 |   178 ||   256
       Headbutt          |     7 |    29 ||    36
       Mace              |       |    23 ||    23
Armor: Scale mail        |    32 |    97 ||   129
Dodge: Dodged            |    24 |    75 ||    99
Block: Buckler           |    26 |    35 ||    61

Levels and vault maps discovered:
D:1:      evilmike_arrival_hilbert_curve, layout_loops_ring, chequers_avenue
D:2:      layout_rooms, serial_curves, eino_curves_01, eino_curves_03,
          minmay_misc_feat_x, nicolae_wormholes, uniq_crazy_yiuf_cottage,
          uniq_robin
D:3:      layout_basic, gammafunk_ghost_icy, grunt_decor_cap, minmay_quantized
D:4:      kennysheep_big_flooded_room, layout_basic,
          chequers_temple_overflow_minitemple, lightli_sewer_entry_pipes,
          supply_closet_lemuel, uniq_natasha

Notes
Turn   | Place    | Note
-------+----------+-------------------------------------------
     0 | D:1      | AmazingTV the Minotaur Fighter began the quest for the Orb.
     0 | D:1      | Reached XP level 1. HP: 19/19 MP: 0/0
     0 | D:1      | magus.rc [v1.9.6]
   212 | D:1      | Reached XP level 2. HP: 27/27 MP: 1/1
   341 | D:1      | Reached skill level 3 in Axes
   695 | D:1      | Reached skill level 1 in Slings
   788 | D:1      | Reached XP level 3. HP: 33/33 MP: 2/2
   921 | D:2      | Reached skill level 4 in Armour
   922 | D:2      | Noticed Robin
   929 | D:2      | Reached skill level 1 in Throwing
   934 | D:2      | Killed Robin
   944 | D:2      | Reached XP level 4. HP: 26/40 MP: 3/3
  1093 | D:2      | Reached skill level 4 in Shields
  1634 | D:2      | Found a runed translucent door.
  1635 | D:2      | Noticed Crazy Yiuf
  1661 | D:2      | Reached skill level 4 in Fighting
  1688 | D:2      | Killed Crazy Yiuf
  1975 | D:3      | Noticed a phantom
  1990 | D:3      | Killed a phantom
  1991 | D:3      | Reached skill level 4 in Axes
  1991 | D:3      | Reached skill level 2 in Slings
  1991 | D:3      | Reached XP level 5. HP: 39/46 MP: 4/4
  2097 | D:3      | Found a runed translucent gate.
  2097 | D:3      | Found a runed translucent gate.
  2097 | D:3      | Found a runed translucent gate.
  2307 | D:3      | Noticed Estrea's ghost (amateur DrTm)
  2574 | D:3      | You pick up a book of Displacement and begin reading...
  2574 | D:3      | You add the spells Lesser Beckoning, Gell's Gravitas and
                  | Teleport Other to your library.
  2585 | D:3      | You add the spells Tukima's Dance, Passage of Golubria and
                  | Yara's Violent Unravelling to your library.
  2615 | D:3      | Reached skill level 2 in Throwing
  2615 | D:3      | Reached XP level 6. HP: 29/53 MP: 5/5
  2877 | D:3      | magus.rc [v1.9.6]
  3263 | D:4      | Found a glowing drain.
  3290 | Sewer    | Entered a sewer
  3597 | Sewer    | Reached skill level 5 in Axes
  3782 | Sewer    | Found a viscous altar of Jiyva.
  3786 | Sewer    | Reached skill level 5 in Armour
  4072 | D:4      | Noticed Natasha
  4085 | D:4      | HP: 12/55 [Natasha (8)]
  4085 | D:4      | Slain by an ogre

Vanquished Creatures
  A phantom (D:3)
  A bullfrog (D:3)
  3 jellies (Sewer)
  Crazy Yiuf (D:2)
  Robin (D:2)
  4 adders
  6 river rats
  8 worms
  A dart slug (D:2)
  An orc (D:3)
  5 bats
  20 endoplasms
  5 giant cockroaches
  14 goblins
  18 hobgoblins
  4 jackals (D:1)
  2 quokkas
  5 ball pythons
  10 frilled lizards
  9 kobolds
  11 rats
130 creatures vanquished.

Table legend:
 A = Non-vault XP
 B = Vault XP
 C = Vault XP percentage of total XP
 D = Non-vault monster count
 E = Vault monster count
 F = Vault count percentage of total count
                 A         B        C        D         E       F
            +---------+---------+-------+---------+---------+-------
      Total |     246 |     486 |  66.4 |      70 |      60 |  46.2
            +---------+---------+-------+---------+---------+-------
        D:1 |      46 |       0 |   0.0 |      28 |       0 |   0.0
        D:2 |      43 |      83 |  65.9 |      19 |      13 |  40.6
        D:3 |     150 |     102 |  40.5 |      19 |       8 |  29.6
        D:4 |       7 |      72 |  91.1 |       4 |       9 |  69.2
      Sewer |       0 |     229 | 100.0 |       0 |      30 | 100.0
            +---------+---------+-------+---------+---------+-------

Illustrated notes

Table legend:
 A = Kills in this place as a percentage of kills in entire the game.
 B = Kills by you in this place as a percentage of kills by you in the entire game.
 C = Kills by friends in this place as a percentage of kills by friends in the entire game.
 D = Other kills in this place as a percentage of other kills in the entire game.
 E = Experience gained in this place as a percentage of experience gained in the entire game.
 F = Experience gained in this place divided by the number of levels of this place that you have seen.
                   A       B       C       D       E      F
               +-------+-------+-------+-------+-------+----------------------
         Total | 100.0 | 100.0 |   N/A |   N/A | 100.0 | 146.4
       Dungeon |  76.9 |  76.9 |   N/A |   N/A |  68.7 | 125.8
         Sewer |  23.1 |  23.1 |   N/A |   N/A |  31.3 | 229.0
               +-------+-------+-------+-------+-------+----------------------

Table legend: (Time is in decaauts)
 A = Elapsed time spent in this place.
 B = Non-inter-level travel time spent in this place.
 C = Inter-level travel time spent in this place.
 D = Time resting spent in this place.
 E = Time spent auto-exploring this place.
 F = Levels seen in this place.
 G = Mean time per level.
                   A        B        C        D        E       F      G
               +--------+--------+--------+--------+--------+-----+--------+
         Total |   4226 |   4055 |    171 |    903 |   2323 |   5 |  845.2 |
       Dungeon |   3585 |   3414 |    171 |    719 |   2042 |   4 |  896.2 |
         Sewer |    640 |    640 |      0 |    184 |    281 |   1 |  640.0 |
               +--------+--------+--------+--------+--------+-----+--------+

Top non-repeatable levels by time:
     D:3: 1110 daAuts
     D:2: 1096 daAuts
     D:1: 915 daAuts
   Sewer: 640 daAuts
     D:4: 463 daAuts
